 Dungeon Crawl Stone Soup version 0.30-a0-4-ga7cffc901d (webtiles) character file.

Game seed: 1618221880127761665

612 Setbun the Slicer (level 7, -3/40 HPs)
             Began as a Kobold Brigand on Aug 21, 2022.
             Slain by an ice beast (11 damage)
             ... on level 5 of the Dungeon.
             The game lasted 00:03:48 (4572 turns).

Setbun the Slicer (Kobold Brigand)                  Turns: 4572, Time: 00:03:48

Health: -3/40      AC:  4    Str:  8    XL:     7   Next: 72%
Magic:  7/7        EV: 14    Int: 13    God:
Gold:   257        SH:  0    Dex: 18    Spells: 6/6 levels left

rFire   . . .      SeeInvis .    w - +2 dagger (drain)
rCold   . . .      Faith    .    (no shield)
rNeg    . . .      Spirit   .    b - +0 robe
rPois   .          Reflect  .    u - +1 hat
rElec   .          Harm     .    c - +0 cloak
rCorr   .          Rampage  .    (no gloves)
Will    .....                    (no boots)
Stlth   ++++......               (no amulet)
HPRegen 0.13/turn                (no ring)
MPRegen 0.10/turn                (no ring)

@: about to teleport
A: small, no large weapons, nightstalker 3
a: no special abilities


You were on level 5 of the Dungeon.
You visited 1 branch of the dungeon, and saw 5 of its levels.

You collected 257 gold pieces.

Inventory:

Hand Weapons
 a - a +2 dagger
 m - a +0 dagger of venom
 w - a +2 dagger of draining (weapon)
 C - a +1 vampiric dagger
Missiles
 d - 34 poisoned darts (quivered)
 e - 4 curare-tipped darts
Armour
 b - a +0 robe (worn)
 c - a +0 cloak (worn)
 u - a +1 hat (worn)
Wands
 y - a wand of light (9)
Scrolls
 h - 3 scrolls of teleportation
 i - 6 scrolls of identify {unknown}
 k - a scroll of poison {unknown}
 o - a scroll of vulnerability {unknown}
 p - 2 scrolls of immolation {unknown}
 q - 4 scrolls of fear {unknown}
 s - a scroll of blinking {unknown}
 t - 2 scrolls of magic mapping {unknown}
 v - a scroll of enchant armour {unknown}
 B - a scroll of enchant weapon {unknown}
Potions
 g - a potion of lignification
 j - 2 potions of magic
 l - 2 potions of curing
 n - a potion of flight {unknown}
 r - a potion of brilliance {unknown}
 x - 2 potions of berserk rage {unknown}
 z - 2 potions of mutation {unknown}
 A - a potion of haste {unknown}
 D - a potion of attraction {unknown}


   Skills:
 - Level 2.1 Fighting
 * Level 10.5 Short Blades
 - Level 2.1 Throwing
 - Level 1.2 Dodging
 - Level 5.3 Stealth


You had 6 spell levels left.
You didn't know any spells.
Your spell library contained the following spells:

 Spells                   Type           Power      Damage    Failure   Level
 Foxfire                  Conj/Fire      0%         2x1d4     30%         1


Dungeon Overview and Level Annotations

Branches:
Dungeon (5/15)
 Temple: D:4-7

Altars:
Nemelex Xobeh
Xom

Annotations:
D:5 Ijyb, Prince Ribbit


Innate Abilities, Weirdness & Mutations

You are small and have problems with some larger weapons.
You are completely attuned to the shadows.


Message History

Prince Ribbit is moderately wounded.
Prince Ribbit misses you.
Ijyb zaps a wand.
The puff of flame hits you.
You hit Prince Ribbit. You drain Prince Ribbit.
Prince Ribbit is heavily wounded.
You barely miss Prince Ribbit.
Prince Ribbit is heavily wounded.
Prince Ribbit hits you but does no damage.
You barely miss Prince Ribbit.
Prince Ribbit is heavily wounded.
Prince Ribbit hits you.
You completely miss Prince Ribbit.
Prince Ribbit is heavily wounded.
Ijyb hits you with a +0 dagger.
You hit Prince Ribbit.
Prince Ribbit is heavily wounded.
Prince Ribbit completely misses you.
You hit Prince Ribbit. You drain Prince Ribbit.
Prince Ribbit is severely wounded.
Prince Ribbit closely misses you. The ice beast hits you.
The ice beast freezes you!
Ijyb zaps a wand.
The puff of flame hits you!
* * * LOW HITPOINT WARNING * * *
You are too injured to fight recklessly!
You are too injured to fight recklessly!
You are too injured to fight recklessly!
You are too injured to fight recklessly!
You are too injured to fight recklessly!
You are too injured to fight recklessly!
This is a scroll of acquirement!
Something appears at your feet! Prince Ribbit misses you.
The ice beast hits you but does no damage.
Ijyb hits you but does no damage.
As you read the scroll labelled TOBIMM GORCHAI, it crumbles to dust.
You feel strangely unstable.
It was a scroll of teleportation.
Prince Ribbit winks and puckers his lips.
Prince Ribbit hits you.
* * * LOW HITPOINT WARNING * * *
The ice beast hits you.
* * * LOW HITPOINT WARNING * * *
The ice beast freezes you!
You die...

## .#. .# PP
..###.# ♣
##.$... #
##.YgF# ##
#....@.# ##.
#.##...# ##)♣
##.##...#
##P.)
........#
#.))♣
..##....#
#♣♣♣).♣
#....#
####...P.#
#....#
##..P..♣♣##
#....#
###.....♣###.
#....#
#......###...


You could see Prince Ribbit (very drained), an ice beast and Ijyb.

Vanquished Creatures
  Grinder (D:4)
  Edmund (D:5)
  A kobold brigand (D:5)
  A scorpion (D:4)
  Jessica (D:2)
  An orc wizard (D:4)
  A shadow imp (D:4)
  An ufetubus (D:4)
  3 worms
  6 dart slugs
  5 orcs
  11 ball pythons
  7 endoplasms
  3 giant cockroaches
  6 goblins
  5 hobgoblins
  35 kobolds
  3 quokkas
  3 bats
  3 frilled lizards
  3 rats
101 creatures vanquished.

Vanquished Creatures (others)
  8 plants
8 creatures vanquished.

Grand Total: 109 creatures vanquished

Notes
Turn   | Place    | Note
-------+----------+-------------------------------------------
     0 | D:1      | Setbun the Kobold Brigand began the quest for the Orb.
     0 | D:1      | Reached XP level 1. HP: 12/12 MP: 1/1
   105 | D:1      | Reached skill level 3 in Short Blades
   164 | D:1      | Reached XP level 2. HP: 17/17 MP: 2/2
   268 | D:1      | Reached skill level 4 in Short Blades
   292 | D:1      | Reached XP level 3. HP: 9/21 MP: 3/3
  1027 | D:2      | Reached skill level 5 in Short Blades
  1114 | D:2      | Found a sparkling altar of Nemelex Xobeh.
  1184 | D:2      | Found a faded altar of an unknown god.
  1189 | D:2      | Got Plato's Commentary on Outbursts
  1322 | D:2      | Noticed Jessica
  1330 | D:2      | Killed Jessica
  1331 | D:2      | Reached XP level 4. HP: 14/26 MP: 4/4
  1726 | D:2      | Reached skill level 6 in Short Blades
  2089 | D:3      | Reached XP level 5. HP: 30/30 MP: 5/5
  3287 | D:4      | Found a shimmering altar of Xom.
  3304 | D:4      | Reached skill level 7 in Short Blades
  3304 | D:4      | Reached XP level 6. HP: 26/35 MP: 2/6
  3833 | D:4      | Noticed Grinder
  3837 | D:4      | Killed Grinder
  3838 | D:4      | Reached skill level 9 in Short Blades
  3838 | D:4      | Reached XP level 7. HP: 40/40 MP: 7/7
  3876 | D:5      | Entered Level 5 of the Dungeon
  3891 | D:5      | Noticed Edmund
  3919 | D:5      | Killed Edmund
  3920 | D:5      | Reached skill level 10 in Short Blades
  3922 | D:5      | HP: 3/60 [poisoned by Edmund]
  4560 | D:5      | Noticed Ijyb
  4563 | D:5      | Noticed Prince Ribbit
  4571 | D:5      | Identified a scroll of acquirement
  4571 | D:5      | Acquired the ring of Broken Luck {rN+ EV+4}
  4572 | D:5      | Slain by an ice beast

Illustrated notes

Levels and vault maps discovered:
D:1:      dpeg_arrival_pits, layout_loops_ring, minmay_bisected
D:2:      layout_rooms, shapermc_ecumenical_altar_rom_forum, basic_altar,
          kennysheep_flooded_box, uniq_jessica
D:3:      layout_basic
D:4:      layout_basic, xom_teletrap_fun, nicolae_titane, uniq_grinder
D:5:      kennysheep_kobold_camp, layout_basic, dreamdust_princess_corridor,
          uniq_prince_ribbit1, uniq_edmund, uniq_ijyb, uniq_blork_the_orc

Skill      XL: |  1  2  3  4  5  6  7 |
---------------+----------------------+-----
Short Blades   | 3 4 5 6 7 9 10 | 10.5
Fighting       | |  2.1
Throwing       | |  2.1
Dodging        | |  1.2
Stealth        | |  5.3

Action                   |  1- 3 |  4- 6 |  7- 9 || total
-------------------------+-------+-------+-------++-------
Melee: Dagger            |    80 |   100 |    82 ||   262
       Punch             |     1 |     1 |     2 ||     4
  Use: Potion            |       |       |     3 ||     3
       Scroll            |       |       |     2 ||     2
 Stab: Sleeping          |    13 |    20 |     2 ||    35
       Distracted        |       |     1 |       ||     1
Armor: Robe              |     6 |    12 |     9 ||    27
Dodge: Dodged            |    31 |    33 |    38 ||   102

Table legend: (Time is in decaauts)
 A = Elapsed time spent in this place.
 B = Non-inter-level travel time spent in this place.
 C = Inter-level travel time spent in this place.
 D = Time resting spent in this place.
 E = Time spent auto-exploring this place.
 F = Levels seen in this place.
 G = Mean time per level.
                   A        B        C        D        E       F      G
               +--------+--------+--------+--------+--------+-----+--------+
         Total |   4478 |   4369 |    109 |    788 |   3007 |   5 |  895.6 |
       Dungeon |   4478 |   4369 |    109 |    788 |   3007 |   5 |  895.6 |
               +--------+--------+--------+--------+--------+-----+--------+

Top non-repeatable levels by time:
     D:3: 1076 daAuts
     D:1: 1010 daAuts
     D:2: 872 daAuts
     D:4: 864 daAuts
     D:5: 655 daAuts
